 Dungeon Crawl Stone Soup version 0.27-a0-1140-g099f9bb0e8 (webtiles) character file.

Game seed: 5914146053858487272

1021 Rohain the Chopper (level 8, -2/73 HPs)
             Began as a Deep Dwarf Fighter on May 9, 2021.
             Slain by an ogre
             ... wielding a +0 giant spiked club
              (26 damage)
             ... on level 5 of the Dungeon.
             The game lasted 00:05:08 (2941 turns).

Rohain the Chopper (Deep Dwarf Fighter)             Turns: 2941, Time: 00:05:09

Health: -2/73      AC: 11    Str: 23    XL:     8   Next: 2%
Magic:  8/8        EV:  8    Int:  8    God:
Gold:   130        SH: 10    Dex: 12    Spells: 7/7 levels left

rFire    . . .     SeeInvis .   a - +0 war axe (elec)
rCold    + . .     Faith    .   c - +0 kite shield
rNeg     . . .     Spirit   .   b - +0 scale mail
rPois    .         Reflect  .   l - +0 helmet
rElec    .         Harm     .   (no cloak)
rCorr    .         Rampage  .   g - +1 pair of gloves
Will     +....                  (no boots)
Stlth    ..........             (no amulet)
HPRegen  0.00/turn              e - ring of protection from cold
MPRegen  0.11/turn              (no ring)

@: no status effects
A: damage resistance, heal wounds, sense surroundings 1, no regeneration
a: Heal Wounds


You were on level 5 of the Dungeon.
You visited 1 branch of the dungeon, and saw 5 of its levels.

You collected 130 gold pieces.

Inventory:

Hand Weapons
 a - a +0 war axe of electrocution (weapon)
Missiles
 n - 4 curare-tipped darts
Armour
 b - a +0 scale mail (worn)
 c - a +0 kite shield (worn)
 g - a +1 pair of gloves (worn)
 l - a +0 helmet (worn)
Jewellery
 e - a ring of protection from cold (left hand)
 f - a ring of resist corrosion
 j - a +4 ring of evasion
Scrolls
 h - 2 scrolls of holy word
 p - a scroll of teleportation {unknown}
Potions
 d - a potion of might
 i - a potion of lignification {unknown}
 k - a potion of flight
 m - 2 potions of heal wounds {unknown}
 o - a potion of brilliance


   Skills:
 + Level 4.6 Fighting
 * Level 6.7 Axes
 + Level 5.5 Armour
 + Level 5.5 Shields


You had 7 spell levels left.
You didn't know any spells.
Your spell library was empty.

Dungeon Overview and Level Annotations

Branches:
Dungeon (5/15)
 Temple: D:4-7

Altars:
Cheibriados
Dithmenos
Trog
Uskayaw
Zin
The Shining One

Shops:
D:2 *


Innate Abilities, Weirdness & Mutations

You are resistant to damage.
You can heal yourself by infusing magical energy.
You passively map a small area around you.
You do not regenerate.


Message History

You kill the adder!
You see here an adder corpse.
You are no longer poisoned.
Found a glowing silver altar of Zin.
Found a glowing golden altar of the Shining One.
An orc wizard comes into view. It is wielding a +0 dagger.
The orc wizard shouts!
The orc wizard moves out of view.
An orc comes into view.
It is wielding a +0 short sword of venom.
An orc priest comes into view. It is wielding a +0 hand axe.
There are monsters nearby! 2 orcs come into view.
The orc shouts!
The orc priest shouts!
The orc shouts! x2
You slash the orc wizard!
You kill the orc wizard!
You have reached level 8!
You feel stronger.
You slash the orc!
You kill the orc!
You hit the orc.
The orc is heavily wounded.
An ogre comes into view. It is wielding a +0 giant spiked club.
You block the orc's attack.
The orc priest calls upon Beogh to heal the orc.
The orc's wounds heal themselves!
The orc barely misses you.
Items here: )) [ †.
You slash the orc priest!
The orc priest is heavily wounded.
You hit the orc.
Your shield prevents you from hitting the orc.
You hit the ogre. You block the orc's attack.
The orc priest hits you with a +0 hand axe.
The orc hits you with a +0 short sword. You block the ogre's attack.
The orc hits you but does no damage. The orc priest barely misses you.
You hit the orc priest.
The orc priest is severely wounded.
You barely miss the orc. You hit the orc but do no damage. You hit the ogre.
The orc hits you but does no damage.
The ogre hits you with a +0 giant spiked club!!
You die...

, #......... * # #.
#.######## , * . #. #.#
#.#.* #.# ,
#.#.#########.# *
#........#....#
##........#....# *,*
##....O.o..#....#
......o@.....>..#
##....o#####....########
, #..... #......†..... ,
#..... ####.#######.
#..... #..........
#.....,* #<.#######. ,
##.... #..# #.... ,
#.... #..# #.##. * *, *
, * #..# #...8


You could see an ogre, an orc priest and 2 orcs.

Vanquished Creatures
  Menkaure (D:4)
  2 ogres (D:4)
  2 phantoms
  A water moccasin zombie (D:4)
  A water moccasin skeleton (D:4)
  A howler monkey (D:4)
  2 bullfrog zombies (D:4)
  A hound (D:4)
  A centaur skeleton (D:4)
  A jelly (D:4)
  Natasha (thrice) (D:2)
  An orc wizard (D:5)
  A hound zombie (D:4)
  A hound skeleton (D:4)
  A howler monkey zombie (D:4)
  Robin (D:3)
  6 adders
  An adder zombie (D:4)
  3 adder skeletons (D:4)
  A worm (D:3)
  2 dart slugs
  An orc (D:5)
  4 ball pythons
  4 endoplasms
  A giant cockroach (D:4)
  9 hobgoblins
  10 jackals
  A quokka (D:1)
  4 bats
  6 frilled lizards (D:1)
  7 goblins
  3 kobolds
  7 rats
91 creatures vanquished.

Vanquished Creatures (others)
  2 withered plants (D:4)
2 creatures vanquished.

Grand Total: 93 creatures vanquished

Notes
Turn   | Place    | Note
-------+----------+-------------------------------------------
     0 | D:1      | Rohain the Deep Dwarf Fighter began the quest for the Orb.
     0 | D:1      | Reached XP level 1. HP: 20/20 MP: 1/1
   158 | D:1      | Reached XP level 2. HP: 27/27 MP: 2/2
   701 | D:2      | Found Cejan's General Store.
   748 | D:2      | Reached skill level 3 in Axes
   752 | D:2      | Reached XP level 3. HP: 25/34 MP: 3/3
   757 | D:2      | Noticed a phantom
   769 | D:2      | Killed a phantom
   770 | D:2      | Reached XP level 4. HP: 18/42 MP: 4/4
   900 | D:2      | Found a faded altar of an unknown god.
  1064 | D:2      | Noticed Natasha
  1072 | D:2      | Killed Natasha
  1073 | D:2      | Reached skill level 4 in Axes
  1073 | D:2      | Reached XP level 5. HP: 38/49 MP: 5/5
  1077 | D:2      | Noticed Natasha
  1089 | D:2      | Killed Natasha
  1103 | D:2      | Noticed Natasha
  1116 | D:2      | Killed Natasha
  1228 | D:3      | Found a snail-covered altar of Cheibriados.
  1288 | D:3      | Found a hide-covered altar of Uskayaw.
  1566 | D:3      | Noticed Robin
  1577 | D:3      | Killed Robin
  1649 | D:3      | Found a bloodstained altar of Trog.
  1973 | D:4      | Reached XP level 6. HP: 37/57 MP: 6/6
  2081 | D:4      | Found a shadowy altar of Dithmenos.
  2120 | D:4      | Reached skill level 5 in Axes
  2184 | D:4      | Reached XP level 7. HP: 38/64 MP: 7/7
  2219 | D:4      | Reached skill level 5 in Shields
  2280 | D:4      | Reached skill level 5 in Armour
  2431 | D:4      | Reached skill level 6 in Axes
  2437 | D:4      | Noticed Menkaure
  2446 | D:4      | Killed Menkaure
  2827 | D:5      | Entered Level 5 of the Dungeon
  2867 | D:5      | Found a glowing silver altar of Zin.
  2884 | D:5      | Found a glowing golden altar of the Shining One.
  2937 | D:5      | Reached XP level 8. HP: 24/73 MP: 8/8
  2941 | D:5      | Slain by an ogre

Illustrated notes

Levels and vault maps discovered:
D:1:      grunt_arrival_lava_bath, layout_loops_ring
D:2:      layout_rooms, ebering_ecumenical_altar_hall, serial_shops,
          nicolae_shop_behind_doors, uniq_natasha
D:3:      layout_basic, lemuel_tele_altar, cheibrodos_worm_habitat,
          nicolae_uskayaw_dance_hall, kennysheep_pointless_box,
          wad_floor_pattern_untrapped, item_on_display_a, uniq_robin
D:4:      layout_loops_corners, nicolae_dithmenos_through_a_glass_darkly,
          serial_undead, serial_undead_d, serial_undead_d, serial_undead_a,
          serial_undead_e, serial_undead_a, serial_undead_b, uniq_menkaure
D:5:      layout_basic, lemuel_crystal_altar, nicolae_overflow_quartered_altars,
          st_stairs_3, minmay_misc_feat_secret_circle

Skill      XL: |  1  2  3  4  5  6  7 |
---------------+----------------------+-----
Axes           | 3 4 5 6 |  6.7
Fighting       | 3 4 |  4.6
Armour         | 4 5 |  5.5
Shields        | 4 5 |  5.5

Action                   |  1- 3 |  4- 6 |  7- 9 || total
-------------------------+-------+-------+-------++-------
Melee: War axe           |    84 |   104 |    79 ||   267
       Unarmed           |       |     2 |       ||     2
 Abil: Heal Wounds       |       |     1 |     1 ||     2
  Use: Scroll            |     1 |     6 |     1 ||     8
       Potion            |     1 |       |       ||     1
 Stab: Confused          |       |     1 |       ||     1
Armor: Scale mail        |    42 |    44 |    33 ||   119
       Skin              |       |     5 |       ||     5
Dodge: Dodged            |    35 |    40 |    24 ||    99
Block: Kite shield       |    55 |    51 |    35 ||   141

Table legend: (Time is in decaauts)
 A = Elapsed time spent in this place.
 B = Non-inter-level travel time spent in this place.
 C = Inter-level travel time spent in this place.
 D = Time resting spent in this place.
 E = Time spent auto-exploring this place.
 F = Levels seen in this place.
 G = Mean time per level.
                   A        B        C        D        E       F      G
               +--------+--------+--------+--------+--------+-----+--------+
         Total |   3087 |   3055 |     32 |     13 |   2238 |   5 |  617.4 |
       Dungeon |   3087 |   3055 |     32 |     13 |   2238 |   5 |  617.4 |
               +--------+--------+--------+--------+--------+-----+--------+

Top non-repeatable levels by time:
     D:4: 941 daAuts
     D:3: 799 daAuts
     D:1: 706 daAuts
     D:2: 518 daAuts
     D:5: 121 daAuts
